 Dungeon Crawl Stone Soup version 0.28-a0-1038-g9c4cb8273d (console) character file.

Game seed: 16252947749970537634

2447 jejorda2 the Cleaver (level 9, -3/73 HPs)
             Began as a Palentonga Berserker on Dec 8, 2021.
             Was an Elder of Trog.
             Succumbed to a gnoll's poison
             ... on level 8 of the Dungeon.
             The game lasted 00:16:43 (7528 turns).

jejorda2 the Cleaver (Palentonga Berserker)         Turns: 7528, Time: 00:16:45

Health: -3/73      AC: 15    Str: 25    XL:     9   Next: 25%
Magic:  9/9        EV:  8    Int:  7    God:    Trog [****..]
Gold:   266        SH:  0    Dex: 10    Spells: 8/8 levels left

rFire   . . .      SeeInvis +   a - +1 battleaxe
rCold   + . .      Faith    +   (shield currently unavailable)
rNeg    . . .      Spirit   .   s - +4 scale mail {rC+}
rPois   .          Reflect  .   j - +1 helmet
rElec   .          Harm     .   (no cloak)
rCorr   .          Rampage  .   k - +0 pair of gloves
Will    .....                   (no barding)
Stlth   ..........              w - amulet of faith
HPRegen 0.22/turn               (no ring)
MPRegen 0.11/turn               (no ring)

@: lethally poisoned (-3 -> -20), on berserk cooldown, slowed, studying Armour,
very slow
A: large, rugged brown scales 3, see invisible, deformed body, roll 1, armoured
tail, reflexive curl
a: Rolling Charge, Renounce Religion, Berserk, Trog's Hand, Brothers in Arms


You were on level 8 of the Dungeon.
You worshipped Trog.
Trog was greatly pleased with you.
You visited 1 branch of the dungeon, and saw 8 of its levels.

You collected 344 gold pieces.
You spent 78 gold pieces at shops.

Inventory:

Hand Weapons
 a - a +1 battleaxe (weapon)
 t - a +0 morningstar
 u - a +0 hand axe
Missiles
 c - 230 stones
 h - 3 boomerangs
 p - 4 curare-tipped darts
Armour
 j - a +1 helmet (worn)
 k - a +0 pair of gloves (worn)
 s - a +4 scale mail of cold resistance (worn)
Jewellery
 w - an amulet of faith (around neck)
Wands
 f - a wand of digging (10)
Scrolls
 l - 3 scrolls of magic mapping
 o - a scroll of holy word
 q - a scroll of enchant weapon
 v - a scroll of enchant armour
Potions
 b - 2 potions of haste
 d - 5 potions of curing
 e - a potion of lignification
 i - a potion of resistance
 m - a potion of attraction {unknown}
 n - 2 potions of mutation
 r - a potion of degeneration {unknown}


   Skills:
 - Level 6.0 Fighting
 * Level 9.8 Axes
 + Level 6.5 Armour
 - Level 1.5 Dodging


You had 8 spell levels left.
You didn't know any spells.
Your spell library was empty.

Dungeon Overview and Level Annotations

Branches:
Dungeon (8/15)             Temple (0/1) D:4
   Lair: D:8-11

Altars:
Sif Muna

Shops:
D:5 *   D:7 !

Annotations:
D:6 exclusion: orc wizard


Innate Abilities, Weirdness & Mutations

You are completely covered in rugged brown scales. (AC +3, +7% HP)
You have supernaturally acute eyesight. (SInv)
Armour fits poorly on your strangely shaped body.
You can roll at nearby foes to attack.
You have a long armoured tail.
You curl defensively after being hit. (AC +7*)


Message History

You feel yourself slow down.
You feel very sick.
The gnoll sergeant hits you but does no damage.
You are too injured to fight recklessly!
You are too injured to fight recklessly!
You slice the gnoll sergeant!!
The gnoll sergeant is almost dead.
You slice the gnoll!!
You kill the gnoll!
Trog accepts your kill.
You feel extremely sick. The gnoll hits you but does no damage.
The gnoll barely misses you. The gnoll sergeant closely misses you.
The gnoll barely misses you. x2
You closely miss the gnoll sergeant.
The gnoll sergeant is almost dead.
You feel extremely sick. The gnoll sergeant misses you.
The gnoll closely misses you. The gnoll hits you but does no damage.
The gnoll sergeant hits you with a +1 trident of protection.
* * * LOW HITPOINT WARNING * * *
The gnoll hits you but does no damage.
The gnoll hits you from afar with a +0 spear of venom.
* * * LOW HITPOINT WARNING * * *
You are lethally poisoned!
You slash the gnoll sergeant!
You kill the gnoll sergeant!
Trog accepts your kill.
* * * LOW HITPOINT WARNING * * *
You feel extremely sick. The gnoll hits you but does no damage.
The gnoll barely misses you. The gnoll closely misses you. x2
* * * LOW HITPOINT WARNING * * *
You feel very sick.
The gnoll hits you but does no damage. x2
You are more poisoned.
Items here: ) †.
You barely miss the gnoll. You tail-slap the gnoll.
The gnoll is lightly wounded.
You hit the gnoll.
You die...

###########
#.........# ####
#.#######.### .... #.#
#.....# ..# #.#
#.#.#.# ...### #.#
#.#.#.####...... #.#
#.#....))g...... #.#
#.....))@.......
#>#######.###.g.......
#.........# ####....#.
#.##[.##### ....#
#.#...## ...#
#..#.<.## ##.#
##.##..#.# .#
#........# #
#..##.#..#


You could see 2 gnolls.

Vanquished Creatures
  A troll (D:5)
  A water moccasin (D:7)
  An ice beast (D:6)
  A necrophage (D:5)
  3 ogres
  2 centaurs (D:6)
  A bullfrog (D:6)
  A gnoll sergeant (D:8)
  A scorpion (D:6)
  A water moccasin zombie (D:5)
  3 water moccasin skeletons
  A wyvern skeleton (D:7)
  3 howler monkeys (D:8)
  A bullfrog zombie (D:5)
  2 jellies
  2 centaur zombies (D:5)
  6 hounds
  2 orc priests
  A bullfrog skeleton (D:6)
  A centaur skeleton (D:4)
  Terence (D:3)
  3 orc wizards
  Natasha (thrice) (D:2)
  2 iguanas
  2 hound zombies (D:5)
  Robin (D:2)
  6 gnolls
  8 adders
  A howler monkey skeleton (D:7)
  A shadow imp (D:5)
  4 worms
  20 orcs
  6 ball pythons
  5 endoplasms
  5 giant cockroaches
  13 goblins
  12 hobgoblins
  5 jackals (D:1)
  7 quokkas
  3 bats
  A frilled lizard (D:2)
  4 kobolds
  8 rats
156 creatures vanquished.

Notes
Turn   | Place    | Note
-------+----------+-------------------------------------------
     0 | D:1      | jejorda2 the Palentonga Berserker began the quest for the
                  | Orb.
     0 | D:1      | Reached XP level 1. HP: 19/19 MP: 1/1
    64 | D:1      | Found a faded altar of an unknown god.
    85 | D:1      | Reached XP level 2. HP: 6/25 MP: 2/2
   892 | D:1      | Reached XP level 3. HP: 31/31 MP: 3/3
   892 | D:1      | Reached ** piety under Trog
  1649 | D:2      | Noticed Robin
  1838 | D:2      | Killed Robin
  1839 | D:2      | Reached skill level 4 in Axes
  1847 | D:2      | Reached XP level 4. HP: 37/37 MP: 4/4
  2198 | D:2      | Noticed Natasha
  2205 | D:2      | Killed Natasha
  2708 | D:3      | Reached XP level 5. HP: 5/44 MP: 5/5
  2729 | D:2      | Noticed Natasha
  2987 | D:2      | Killed Natasha
  3178 | D:2      | Noticed Natasha
  3193 | D:2      | Killed Natasha
  3672 | D:3      | Reached skill level 5 in Axes
  3733 | D:3      | Noticed an ogre
  3739 | D:3      | Killed an ogre
  3740 | D:3      | Reached XP level 6. HP: 33/51 MP: 6/6
  4096 | D:3      | Noticed Terence
  4109 | D:3      | Killed Terence
  4394 | D:4      | Reached *** piety under Trog
  4622 | D:4      | Reached skill level 6 in Axes
  4623 | D:4      | Gained mutation: You curl defensively after being hit. (AC
                  | +7*) [Palentonga growth]
  4623 | D:4      | Reached XP level 7. HP: 50/58 MP: 7/7
  4774 | D:4      | Found a staircase to the Ecumenical Temple.
  5010 | D:5      | Entered Level 5 of the Dungeon
  5088 | D:5      | Reached skill level 5 in Fighting
  5192 | D:5      | Noticed a troll
  5204 | D:5      | Killed a troll
  5205 | D:5      | Reached skill level 7 in Axes
  5210 | D:5      | Reached XP level 8. HP: 67/67 MP: 8/8
  5484 | D:5      | Found Motz's Mayhem Merchandise.
  5490 | D:5      | Bought a +0 battleaxe for 78 gold pieces
  5950 | D:6      | Reached skill level 8 in Axes
  6122 | D:6      | Identified a scroll of acquirement
  6122 | D:6      | Acquired a manual of Armour
  6152 | D:6      | Found a shimmering blue altar of Sif Muna.
  6432 | D:6      | Reached skill level 5 in Armour
  6563 | D:6      | Reached skill level 9 in Axes
  6856 | D:7      | Reached XP level 9. HP: 73/73 MP: 9/9
  6871 | D:7      | Found Myhuemm's Distillery.
  7210 | D:7      | Reached **** piety under Trog
  7527 | D:8      | HP: 3/73 [poisoned by a gnoll]
  7528 | D:8      | Succumbed to a gnoll's poison

Illustrated notes

Levels and vault maps discovered:
D:1:      dpeg_arrival_lava_temple_mockup, layout_basic,
          chequers_ecumenical_altar_simple_redux, nrook_mini_vaults
D:2:      layout_loops_ring, uniq_natasha, uniq_robin
D:3:      layout_rooms, serial_glass, glass_columns_a, glass_columns_a,
          glass_columns_a, glass_columns_a, nicolae_elevator_lobby_plus,
          uniq_terence
D:4:      layout_cave_pools, temple_statues, serial_column_ruins,
          column_ruins_columns_corner, column_ruins_open_tiny,
          column_ruins_open_small, column_ruins_columns_straight,
          column_ruins_open_small, minmay_stone_trees_small,
          kennysheep_generic_room_15
D:5:      layout_basic, minmay_shop_mayhem
D:6:      layout_loops_corners, tgw_sif, hangedman_decor_growths
D:7:      layout_basic, serial_shops, nicolae_diamond_shop
D:8:      layout_loops_ring, minmay_lair_entry_grove

Skill      XL: |  1  2  3  4  5  6  7  8  9 |
---------------+----------------------------+-----
Armour         | 2 3 4 5 6 |  6.5
Axes           | 4 5 6 7 9 |  9.8
Fighting       | 4 5 6 |  6.0
Dodging        | |  1.5

Action                   |  1- 3 |  4- 6 |  7- 9 || total
-------------------------+-------+-------+-------++-------
Melee: Hand axe          |   133 |    96 |     2 ||   231
       Tailslap          |    13 |    24 |    32 ||    69
       Flail             |       |    66 |    72 ||   138
       Battleaxe         |       |       |   107 ||   107
Throw: Dart              |       |     1 |     1 ||     2
Invok: Berserk           |     2 |     2 |     3 ||     7
       Trog's Hand       |       |       |     1 ||     1
 Abil: Rolling Charge    |    24 |    34 |    25 ||    83
  Use: Scroll            |       |     8 |     6 ||    14
 Stab: Sleeping          |       |       |     1 ||     1
Armor: Animal skin       |    35 |       |       ||    35
       Scale mail        |    11 |    58 |   116 ||   185
Dodge: Dodged            |    60 |    59 |    93 ||   212

Table legend: (Time is in decaauts)
 A = Elapsed time spent in this place.
 B = Non-inter-level travel time spent in this place.
 C = Inter-level travel time spent in this place.
 D = Time resting spent in this place.
 E = Time spent auto-exploring this place.
 F = Levels seen in this place.
 G = Mean time per level.
                   A        B        C        D        E       F      G
               +--------+--------+--------+--------+--------+-----+--------+
         Total |   7662 |   7271 |    391 |    571 |   5619 |   8 |  957.8 |
       Dungeon |   7662 |   7271 |    391 |    571 |   5619 |   8 |  957.8 |
               +--------+--------+--------+--------+--------+-----+--------+

Top non-repeatable levels by time:
     D:1: 2056 daAuts
     D:2: 1382 daAuts
     D:3: 1006 daAuts
     D:6: 958 daAuts
     D:5: 881 daAuts
     D:7: 671 daAuts
     D:4: 650 daAuts
     D:8: 55 daAuts
